[Event "Titled Tuesday Blitz August 22 Early 2023"]
[White "Yelisieiev, Yevhenii"]
[Black "pasteta13"]
[WhiteFideId "14139642"]
[WhiteElo "2535"]
[BlackElo "2394"]
[Result "1-0"]
[Round "4"]
[TimeControl "180+1"]
[Date "2023.08.22"]
[WhiteClock "0:00:06"]
[BlackClock "0:00:05"]
[Board "162"]

1. d4 Nf6 2. Nf3 e6 3. c4 c5 4. d5 d6 5. Nc3 Be7 6. g3 O-O 7. Bg2 Re8 8. O-O Na6 9. e4 Bf8 10. Re1 exd5 11. cxd5 Nc7 12. a4 b6 13. e5 dxe5 14. Nxe5 Bb7 15. Nc6 Rxe1+ 16. Qxe1 Qd7 17. Ne5 Qd8 18. d6 Ncd5 19. Bg5 Qxd6 20. Bxf6 gxf6 21. Ng4 f5 22. Ne3 Nxe3 23. Bxb7 Rb8 24. Qxe3 Rxb7 25. Rd1 Qe6 26. Qf3 Rd7 27. Rxd7 Qxd7 28. Nd5 Bg7 29. b3 h6 30. Qxf5 Qxf5 31. Ne7+ Kh7 32. Nxf5 Be5 33. f4 Kg6 34. Nh4+ Kf6 35. fxe5+ Kxe5 36. Kf2 h5 37. Ke3 a6 38. Ng2 Kf5 39. Nf4 Kg4 40. Kf2 Kf5 41. Kf3 b5 42. axb5 axb5 43. Nxh5 c4 44. bxc4 bxc4 45. Nf4 Ke5 46. Ne2 Kf5 47. Nc3 Ke5 48. Ke3 Kf5 49. h3 Ke5 50. g4 f5 51. g5 f4+ 52. Kf3 Kd4 53. Ne2+ Ke5 54. Nxf4 Kf5 55. h4 c3 56. Nd3 1-0


[Site "https://www.chess.com"]

[Event "Titled Tuesday Blitz August 22 Early 2023"]
[White "Biregina"]
[Black "Ismayil, Malak"]
[BlackFideId "13412604"]
[WhiteElo "2392"]
[BlackElo "2535"]
[Result "1-0"]
[Round "4"]
[TimeControl "180+1"]
[Date "2023.08.22"]
[WhiteClock "0:00:04"]
[BlackClock "0:00:03"]
[Board "163"]

1. d4 Nf6 2. Nf3 d5 3. e3 e6 4. b3 Be7 5. Bb2 O-O 6. Bd3 c5 7. Ne5 b6 8. f4 Ba6 9. O-O Qc7 10. Nd2 Bxd3 11. cxd3 Nbd7 12. Rc1 Qb7 13. Ba3 Rfc8 14. Bb2 a5 15. g4 cxd4 16. exd4 Rxc1 17. Bxc1 b5 18. g5 Ne8 19. Ndf3 Nf8 20. Nh4 g6 21. Qf3 Nd6 22. Ba3 b4 23. Bb2 Nf5 24. Nxf5 exf5 25. Rc1 Ne6 26. Nc6 Re8 27. Nxa5 Qd7 28. Nc6 Qd6 29. Ne5 Rd8 30. Rc6 Qb8 31. Qe3 Qb7 32. Rc2 Rc8 33. Re2 Qb6 34. h4 Bf8 35. Nd7 Qd6 36. Nf6+ Kh8 37. Qe5 Qxe5 38. dxe5 Nxf4 39. Rd2 Ne6 40. h5 d4 41. hxg6 fxg6 42. Nd5 Rd8 43. Nf6 Nxg5 44. Kf2 Ne6 45. Rc2 Bg7 46. Rc6 Bxf6 47. Rxe6 Bg7 48. Rd6 Rxd6 49. exd6 Bf6 50. a3 Kg8 51. axb4 Kf7 52. b5 Ke8 53. Ba3 Kd7 54. Bc5 g5 55. b4 f4 56. Kf3 h5 57. b6 Be5 58. b7 g4+ 59. Kf2 Bxd6 60. Bxd6 g3+ 61. Kg2 Kxd6 62. b8=Q+ Ke6 63. Qxf4 Kd5 64. Qh4 1-0


[Site "https://www.chess.com"]

[Event "Titled Tuesday Blitz August 22 Early 2023"]
[White "NigelDwarf"]
[Black "Prudnykova, Olga"]
[BlackFideId "14121093"]
[WhiteElo "2533"]
[BlackElo "2384"]
[Result "0-1"]
[Round "4"]
[TimeControl "180+1"]
[Date "2023.08.22"]
[WhiteClock "0:00:08"]
[BlackClock "0:00:53"]
[Board "164"]

1. Nf3 Nf6 2. c4 g6 3. Nc3 d5 4. cxd5 Nxd5 5. Qb3 Nb6 6. d4 Bg7 7. Bg5 O-O 8. h4 Nc6 9. h5 Nxd4 10. Nxd4 Qxd4 11. hxg6 hxg6 12. Bxe7 Re8 13. Bg5 Qc4 14. Nb5 Re5 15. Qxc4 Nxc4 16. Nxc7 Rxg5 17. Nxa8 Bxb2 18. Rb1 Bf5 19. e4 Bxe4 20. Rd1 Bc3+ 21. Ke2 Ba5 22. Rd4 Re5 23. Kd1 b5 24. Bxc4 bxc4 25. f4 Re8 26. Rxc4 Bxa8 27. Kc2 Bxg2 28. Rg1 Be4+ 29. Kb3 Bd5 30. f5 Bxc4+ 31. Kxc4 Kg7 32. fxg6 fxg6 33. Kb5 Bb6 34. a4 Bxg1 35. a5 Re5+ 36. Kc6 Rxa5 37. Kd7 Bb6 38. Kc8 Rf5 39. Kd7 0-1


[Site "https://www.chess.com"]

[Event "Titled Tuesday Blitz August 22 Early 2023"]
[White "Shishkov, Andrei"]
[Black "Kozelov, Roman"]
[WhiteFideId "4500563"]
[BlackFideId "14133377"]
[WhiteElo "2524"]
[BlackElo "2380"]
[Result "1-0"]
[Round "4"]
[TimeControl "180+1"]
[Date "2023.08.22"]
[WhiteClock "0:00:19"]
[BlackClock "0:00:25"]
[Board "165"]

1. d4 Nf6 2. c4 e6 3. Nc3 d5 4. cxd5 exd5 5. Bg5 c6 6. e3 Be7 7. Bd3 Nbd7 8. Nge2 Nf8 9. O-O Ne6 10. Bh4 O-O 11. Qc2 h6 12. Rad1 Re8 13. a3 Bd7 14. f3 Rc8 15. e4 dxe4 16. fxe4 Ng4 17. Bxe7 Qxe7 18. Rf3 Qh4 19. h3 Nf6 20. e5 Nd5 21. Ne4 Ng5 22. Nxg5 Qxg5 23. Bh7+ Kh8 24. Qe4 Be6 25. Rg3 Qh5 26. Rf1 g6 27. Bxg6 fxg6 28. Rxg6 Bg8 29. Ng3 Qxg6 30. Qxg6 Bh7 31. Qxh6 Rg8 32. Rf7 1-0


[Site "https://www.chess.com"]

[Event "Titled Tuesday Blitz August 22 Early 2023"]
[White "Sreyas Payyappat"]
[Black "Ovezdurdyyeva, Jemal"]
[WhiteFideId "46674969"]
[BlackFideId "14001888"]
[WhiteElo "2520"]
[BlackElo "2379"]
[Result "1-0"]
[Round "4"]
[TimeControl "180+1"]
[Date "2023.08.22"]
[WhiteClock "0:00:19"]
[BlackClock "0:00:00"]
[Board "166"]

1. e4 d6 2. d4 Nf6 3. Nc3 g6 4. Be3 c6 5. Be2 b5 6. a3 Bg7 7. Qd2 h5 8. O-O-O a5 9. f4 b4 10. Nb1 Nxe4 11. Qd3 Bf5 12. Qc4 bxa3 13. Nxa3 O-O 14. Nf3 Na6 15. d5 cxd5 16. Rxd5 Nb4 17. Rxf5 gxf5 18. Nd4 Qd7 19. Bxh5 e5 20. Nf3 Nf6 21. fxe5 Nxh5 22. Qh4 f4 23. Bd2 Qf5 24. Ng5 Qg6 25. g4 Rfc8 26. Bc3 Bxe5 27. gxh5 Qf5 28. Rg1 1-0


[Site "https://www.chess.com"]

[Event "Titled Tuesday Blitz August 22 Early 2023"]
[White "Slovineanu, Viacheslav"]
[Black "Boraso, Alessio"]
[WhiteFideId "13900510"]
[BlackFideId "848077"]
[WhiteElo "2379"]
[BlackElo "2514"]
[Result "0-1"]
[Round "4"]
[TimeControl "180+1"]
[Date "2023.08.22"]
[WhiteClock "0:00:00"]
[BlackClock "0:00:42"]
[Board "167"]

1. d4 c5 2. d5 Nf6 3. Nc3 d6 4. e4 g6 5. Nf3 Bg7 6. Bb5+ Bd7 7. a4 O-O 8. h3 Na6 9. O-O Nc7 10. Qd3 a6 11. Bxd7 Qxd7 12. Bf4 b5 13. e5 Nh5 14. Bh2 b4 15. Ne4 dxe5 16. Rad1 Rfd8 17. Nxc5 Qxd5 18. Qe3 Qxd1 19. Rxd1 Rxd1+ 20. Ne1 Rad8 21. Nd3 Ra1 22. b3 Nd5 23. Qc5 Ndf4 24. Bxf4 Nxf4 25. Qxb4 Nxd3 26. cxd3 e4 27. Kh2 exd3 28. Qxe7 Rd5 29. Nf3 d2 0-1


[Site "https://www.chess.com"]

[Event "Titled Tuesday Blitz August 22 Early 2023"]
[White "Tikhonov, Viacheslav"]
[Black "Spichkin, Alexander"]
[WhiteFideId "44196407"]
[BlackFideId "4144074"]
[WhiteElo "2512"]
[BlackElo "2378"]
[Result "0-1"]
[Round "4"]
[TimeControl "180+1"]
[Date "2023.08.22"]
[WhiteClock "0:00:00"]
[BlackClock "0:00:19"]
[Board "168"]

1. d4 e6 2. e4 d5 3. Nd2 Bd7 4. Bd3 dxe4 5. Nxe4 Bc6 6. Nf3 Bxe4 7. Bxe4 c6 8. c3 Nd7 9. O-O Ngf6 10. Bc2 Qc7 11. Bg5 Bd6 12. Qe2 O-O-O 13. a4 Bf4 14. Bh4 h6 15. Bg3 g5 16. a5 a6 17. c4 Rhe8 18. Rfe1 e5 19. Nxe5 Nxe5 20. Bxf4 gxf4 21. dxe5 Kb8 22. h3 Nd7 23. Qh5 Nxe5 24. Qxh6 Rd2 25. Be4 Nxc4 26. b4 Rb2 27. Bf3 Rd8 28. Rad1 Nd2 29. Bh5 f3 30. g3 Qd6 31. Qxd6+ Rxd6 32. Re8+ Kc7 33. Bxf7 Rxb4 34. Re7+ Kb8 35. Re3 Rbd4 36. h4 c5 37. h5 c4 38. Bg6 R4d5 39. Kh2 Ka7 40. Kh3 Rc5 41. g4 c3 42. Bc2 Rc4 43. Rc1 Rdd4 44. Bf5 c2 45. Rxc2 Rxg4 46. Bxg4 Rxc2 47. Bxf3 Rc5 0-1


[Site "https://www.chess.com"]

[Event "Titled Tuesday Blitz August 22 Early 2023"]
[White "Goffredo_Fofi"]
[Black "Young_Catalan_Player09"]
[WhiteElo "2509"]
[BlackElo "2373"]
[Result "0-1"]
[Round "4"]
[TimeControl "180+1"]
[Date "2023.08.22"]
[WhiteClock "0:00:25"]
[BlackClock "0:02:11"]
[Board "169"]

1. Nf3 Nf6 2. d4 d5 3. Bf4 e6 4. e3 c5 5. c3 Nc6 6. Nbd2 cxd4 7. exd4 Nh5 8. Be3 Bd6 9. Ne5 g6 10. Nd3 O-O 11. g3 f5 12. f4 Nf6 13. Ne5 Ne4 14. Nxe4 fxe4 15. h4 Qb6 16. Qe2 Nxe5 17. fxe5 Be7 18. h5 g5 19. h6 Bd7 20. O-O-O Rf3 21. Bg2 Bb5 22. Bxf3 Bxe2 23. Bxe2 Rf8 24. Bg4 Rf3 25. Bxf3 exf3 26. Rdf1 g4 27. Rh5 Qb5 28. Rhh1 Qe2 29. Re1 Qg2 30. Rhg1 f2 0-1


[Site "https://www.chess.com"]

[Event "Titled Tuesday Blitz August 22 Early 2023"]
[White "Rego, Pedro Filipe"]
[Black "FromTexas54"]
[WhiteFideId "1904310"]
[WhiteElo "2372"]
[BlackElo "2507"]
[Result "1-0"]
[Round "4"]
[TimeControl "180+1"]
[Date "2023.08.22"]
[WhiteClock "0:00:24"]
[BlackClock "0:00:03"]
[Board "170"]

1. c4 g6 2. Nc3 Bg7 3. d4 d6 4. e4 Nf6 5. Nf3 O-O 6. Be2 e5 7. O-O Bg4 8. dxe5 Bxf3 9. Bxf3 dxe5 10. Bg5 c6 11. Qb3 Qc7 12. Rfd1 Na6 13. Be3 Nd7 14. Na4 Rfd8 15. c5 Bf8 16. Rac1 Qa5 17. Qxb7 Qxa4 18. b3 Qa3 19. Rxd7 Nxc5 20. Rxc5 Rxd7 21. Qxa8 Qxa2 22. h4 Qa1+ 23. Kh2 Kg7 24. Bh6+ Kxh6 25. Qxf8# 1-0


[Site "https://www.chess.com"]

[Event "Titled Tuesday Blitz August 22 Early 2023"]
[White "Warchol, Kamil"]
[Black "Kekic, Armin"]
[WhiteFideId "21858241"]
[BlackFideId "14401274"]
[WhiteElo "2505"]
[BlackElo "2371"]
[Result "1-0"]
[Round "4"]
[TimeControl "180+1"]
[Date "2023.08.22"]
[WhiteClock "0:00:15"]
[BlackClock "0:00:14"]
[Board "171"]

1. e4 c5 2. Nf3 d6 3. d4 cxd4 4. Nxd4 Nf6 5. Nc3 a6 6. Be3 e6 7. Qf3 Be7 8. O-O-O O-O 9. g4 Qc7 10. g5 Nfd7 11. h4 Ne5 12. Qg2 b5 13. h5 Bb7 14. f4 Nc4 15. Bxc4 Qxc4 16. g6 b4 17. Nb1 Nd7 18. b3 Qc7 19. gxf7+ Kxf7 20. Qxg7+ Kxg7 21. Nxe6+ Kf7 22. Nxc7 Rac8 23. Nd5 Nf6 24. Nxf6 Bxf6 25. Rxd6 Bxe4 26. Rh2 Rfd8 27. Rxa6 Bf3 28. Nd2 Rd3 29. Ra7+ Kf8 30. Nxf3 Rxe3 31. Ne5 Bxe5 32. fxe5 Rxe5 33. Rxh7 Rc3 34. h6 Kg8 35. Rb7 Re1+ 36. Kb2 Re8 37. Rxb4 Rg3 38. h7+ Kh8 39. a4 Rg7 40. a5 Ra8 41. Ra4 Rxh7 42. Rxh7+ Kxh7 43. a6 Kg7 44. b4 1-0


[Site "https://www.chess.com"]

[Event "Titled Tuesday Blitz August 22 Early 2023"]
[White "Buscar, Michael"]
[Black "arenal72"]
[WhiteFideId "2603616"]
[WhiteElo "2365"]
[BlackElo "2503"]
[Result "0-1"]
[Round "4"]
[TimeControl "180+1"]
[Date "2023.08.22"]
[WhiteClock "0:00:47"]
[BlackClock "0:01:07"]
[Board "172"]

1. Nf3 d6 2. g3 e5 3. Bg2 f5 4. d3 Nf6 5. c4 Be7 6. Nc3 O-O 7. O-O c6 8. Ne1 Be6 9. Nc2 Nbd7 10. b4 a6 11. a4 d5 12. b5 axb5 13. cxb5 d4 14. bxc6 bxc6 15. Nb1 Bd5 16. Ba3 Bxg2 17. Kxg2 Bxa3 18. Ncxa3 Nc5 19. Nc4 e4 20. a5 exd3 21. exd3 f4 22. Ra3 Nd5 23. Qg4 f3+ 24. Kg1 Qf6 25. Nbd2 Nc3 26. Re1 Nxd3 27. Re6 Qf5 28. Qxd4 Ne2+ 29. Rxe2 fxe2 0-1


[Site "https://www.chess.com"]

[Event "Titled Tuesday Blitz August 22 Early 2023"]
[White "Czerw, Dawid"]
[Black "Konenkin, Dmitry"]
[WhiteFideId "1145746"]
[BlackFideId "4185781"]
[WhiteElo "2502"]
[BlackElo "2364"]
[Result "0-1"]
[Round "4"]
[TimeControl "180+1"]
[Date "2023.08.22"]
[WhiteClock "0:00:00"]
[BlackClock "0:00:02"]
[Board "173"]

1. e4 d6 2. Nc3 Nf6 3. d4 e5 4. Nf3 Nbd7 5. g4 Nxg4 6. Rg1 exd4 7. Nxd4 Nde5 8. Bf4 a6 9. f3 Nf6 10. Qd2 Bd7 11. O-O-O Qe7 12. Bg5 Be6 13. f4 Nc4 14. Bxc4 Bxc4 15. b3 Be6 16. f5 h6 17. Bxf6 gxf6 18. fxe6 fxe6 19. Qe2 h5 20. Qc4 Kd7 21. Rg6 Bh6+ 22. Kb1 Rag8 23. Rdg1 Qf7 24. Nxe6 Rxg6 25. Qxc7+ Kxe6 26. Qc4+ Ke7 27. Nd5+ Kf8 28. Qc8+ Kg7 29. Rxg6+ Qxg6 30. Qxb7+ Qf7 31. Qxa6 Re8 32. Qxd6 Rxe4 33. Qg3+ Rg4 34. Qd3 Rg1+ 35. Kb2 Bc1+ 36. Kc3 Qg6 37. Qe2 Qf5 38. Qe7+ Kg6 39. Qe8+ Kh7 40. Qf7+ Kh6 41. Qf8+ Rg7 42. Nxf6 Qf3+ 43. Kb4 Qf4+ 44. c4 Qc7 45. Qh8+ Kg6 46. Nd5 Qd6+ 47. Kc3 Qe5+ 48. Kc2 Re7 49. Qg8+ Qg7 50. Qxg7+ Rxg7 51. Nf4+ Kf5 0-1


[Site "https://www.chess.com"]

[Event "Titled Tuesday Blitz August 22 Early 2023"]
[White "Akylbek2021"]
[Black "NovozhilovSemen"]
[WhiteElo "2362"]
[BlackElo "2502"]
[Result "0-1"]
[Round "4"]
[TimeControl "180+1"]
[Date "2023.08.22"]
[WhiteClock "0:00:26"]
[BlackClock "0:00:33"]
[Board "174"]

1. d4 Nf6 2. Bf4 e6 3. Nc3 d5 4. Nb5 Na6 5. e3 Ne4 6. a4 Bb4+ 7. c3 Be7 8. Bd3 g5 9. Be5 f6 10. Qh5+ Kd7 11. Bg3 Nxg3 12. hxg3 c6 13. Na3 Qb6 14. Rb1 Qb3 15. Ne2 Nb4 16. Bg6 Na6 17. Bc2 Qb6 18. Qf7 h6 19. f4 Qd8 20. f5 Kd6 21. fxe6 Bxe6 22. Qh5 Kd7 23. b4 Nc7 24. Qf3 Qg8 25. Nc1 Rf8 26. Nd3 b6 27. Kd2 Bd6 28. a5 f5 29. axb6 axb6 30. Rb3 b5 31. Nc5+ Bxc5 32. bxc5 Qf7 33. Rf1 h5 34. Bd3 h4 35. gxh4 Rxh4 36. Qg3 Qe7 37. Nc2 f4 38. exf4 gxf4 39. Qe1 Rg4 40. Rf2 Rfg8 41. Qe2 Qg5 42. Ne1 f3+ 43. Qe3 Qxe3+ 44. Kxe3 fxg2 45. Nf3 g1=Q 46. Nxg1 Rxg1 47. Ra3 R8g3+ 48. Kd2 R1g2 49. Rxg2 Rxg2+ 50. Ke1 Rb2 51. Ra7 b4 52. cxb4 Rxb4 53. Kd2 Rxd4 54. Kc3 Rh4 55. Ra1 d4+ 56. Kd2 Rh2+ 57. Be2 Bc4 58. Re1 d3 59. Kc3 Rxe2 60. Rg1 Bf7 61. Rg7 Re7 62. Kxd3 Bc4+ 63. Kxc4 Rxg7 64. Kc3 Rg5 65. Kb4 Na6+ 66. Kc4 Nxc5 67. Kc3 Ne6 68. Kb4 c5+ 69. Kc4 Kc6 70. Kc3 Rg4 71. Kb3 c4+ 72. Kc3 Kc5 73. Kb2 Rg3 74. Kc2 c3 75. Kc1 Kc4 76. Kc2 Rg2+ 77. Kb1 Nd4 78. Ka1 Nb3+ 79. Kb1 Rb2# 0-1


[Site "https://www.chess.com"]

[Event "Titled Tuesday Blitz August 22 Early 2023"]
[White "Mazurkiewicz, Michal"]
[Black "Bifulco, Michel"]
[WhiteFideId "1124943"]
[BlackFideId "828580"]
[WhiteElo "2502"]
[BlackElo "2361"]
[Result "1-0"]
[Round "4"]
[TimeControl "180+1"]
[Date "2023.08.22"]
[WhiteClock "0:00:27"]
[BlackClock "0:00:14"]
[Board "175"]

1. e4 e5 2. Nf3 Nc6 3. Bb5 g6 4. O-O Bg7 5. c3 a6 6. Ba4 Nge7 7. d4 exd4 8. cxd4 O-O 9. Nc3 b5 10. Bb3 d6 11. Be3 Na5 12. Bc2 Nc4 13. Bc1 c5 14. b3 Na5 15. Bg5 h6 16. Be3 cxd4 17. Nxd4 Nac6 18. Nd5 Bb7 19. Qd2 Kh7 20. Nf4 Rc8 21. Rac1 Ne5 22. Rfd1 Ng4 23. h4 Nxe3 24. Qxe3 Bxd4 25. Qxd4 Nc6 26. Qxd6 Qxh4 27. Nd5 Rcd8 28. Qc7 Ba8 29. Bb1 Kg7 30. Rxc6 Bxc6 31. Qxc6 Rfe8 32. Qc3+ Kf8 33. Qh8# 1-0


[Site "https://www.chess.com"]

[Event "Titled Tuesday Blitz August 22 Early 2023"]
[White "Tanwir, Furqan"]
[Black "Gogolev, Artem"]
[WhiteFideId "2023962"]
[BlackFideId "4116615"]
[WhiteElo "2358"]
[BlackElo "2500"]
[Result "0-1"]
[Round "4"]
[TimeControl "180+1"]
[Date "2023.08.22"]
[WhiteClock "0:02:16"]
[BlackClock "0:01:34"]
[Board "176"]

1. e4 c6 2. d4 d5 3. Nc3 dxe4 4. Nxe4 Bf5 5. Ng3 Bg6 6. h4 h6 7. Nf3 Nd7 8. h5 Bh7 9. Bc4 Ngf6 10. Qe2 e6 11. c3 Bd6 12. Ne5 Nd5 13. f4 O-O 14. Bd3 Bxd3 15. Qxd3 c5 16. Bd2 cxd4 17. cxd4 Ne7 18. O-O-O Bxe5 19. dxe5 Rc8+ 20. Bc3 Nd5 21. Ne2 Nc5 22. Qf3 Qb6 23. Rxd5 exd5 24. Qxd5 Rfd8 25. Qf3 Na4 26. Rh3 Qxb2# 0-1


[Site "https://www.chess.com"]

[Event "Titled Tuesday Blitz August 22 Early 2023"]
[White "slidingknight2775"]
[Black "Senft, Sean"]
[BlackFideId "2044960"]
[WhiteElo "2498"]
[BlackElo "2352"]
[Result "1-0"]
[Round "4"]
[TimeControl "180+1"]
[Date "2023.08.22"]
[WhiteClock "0:00:06"]
[BlackClock "0:00:01"]
[Board "177"]

1. Nf3 d5 2. c4 c6 3. g3 Nf6 4. Bg2 Bg4 5. Ne5 Bf5 6. cxd5 cxd5 7. Qb3 Nbd7 8. d4 Qb6 9. O-O e6 10. Nxd7 Nxd7 11. Nc3 Be7 12. Qa4 Qc6 13. Qxc6 bxc6 14. Be3 O-O 15. Rfc1 Rab8 16. b3 Rfc8 17. Na4 f6 18. h3 Bg6 19. Bf3 Rb7 20. Rc3 Rbc7 21. Rac1 Bb4 22. Bf4 e5 23. Rxc6 Rxc6 24. Rxc6 Rxc6 25. Bxd5+ Kf8 26. Bxc6 exf4 27. Bxd7 fxg3 28. fxg3 Bb1 29. Be6 Bxa2 30. Bc4 Ke7 31. Kf2 Kd6 32. Ke3 Bb1 33. Bd3 Ba2 34. Bc2 h5 35. Kd3 f5 36. Nc3 g5 37. Nxa2 Be1 38. Ke3 Bxg3 39. Bxf5 Bf4+ 40. Kf3 Bd2 41. e4 a5 42. Bg6 g4+ 43. hxg4 hxg4+ 44. Kxg4 a4 45. bxa4 1-0


[Site "https://www.chess.com"]

[Event "Titled Tuesday Blitz August 22 Early 2023"]
[White "Ziatdinov, Raset"]
[Black "Balabayeva, Xeniya"]
[WhiteFideId "2015323"]
[BlackFideId "13719688"]
[WhiteElo "2352"]
[BlackElo "2497"]
[Result "0-1"]
[Round "4"]
[TimeControl "180+1"]
[Date "2023.08.22"]
[WhiteClock "0:00:20"]
[BlackClock "0:00:03"]
[Board "178"]

1. e4 c6 2. d4 d5 3. f3 dxe4 4. fxe4 e5 5. Nf3 Bg4 6. Bc4 Nd7 7. O-O Ngf6 8. c3 Bd6 9. Bg5 Qc7 10. Nbd2 O-O 11. Kh1 Rae8 12. Qc2 h6 13. Bh4 Bh5 14. Rae1 Bg6 15. Bxf6 Nxf6 16. Nh4 Bh7 17. Nf5 Bxf5 18. Rxf5 b5 19. Bb3 c5 20. dxe5 Bxe5 21. c4 b4 22. Ba4 Re7 23. Nf3 Rd8 24. Rd1 Rxd1+ 25. Qxd1 g6 26. Rxe5 Rxe5 27. Nxe5 Qxe5 28. Bc6 Nxe4 29. Qe1 f5 30. Bd5+ Kg7 31. b3 Qc3 32. Qd1 Nf2+ 33. Kg1 Nxd1 34. Kf1 Qe3 35. Bf3 Qf2# 0-1


[Site "https://www.chess.com"]

[Event "Titled Tuesday Blitz August 22 Early 2023"]
[White "Yedidia, Daniel"]
[Black "Pavlidou, Ekaterini"]
[WhiteFideId "30905907"]
[BlackFideId "4213262"]
[WhiteElo "2496"]
[BlackElo "2351"]
[Result "1-0"]
[Round "4"]
[TimeControl "180+1"]
[Date "2023.08.22"]
[WhiteClock "0:00:12"]
[BlackClock "0:00:12"]
[Board "179"]

1. d4 Nf6 2. c4 e6 3. Nc3 Bb4 4. e3 O-O 5. Bd3 c5 6. Ne2 cxd4 7. exd4 d5 8. cxd5 exd5 9. O-O Nc6 10. Bg5 Be6 11. Rc1 h6 12. Bh4 Be7 13. Bb1 g6 14. Re1 Bg4 15. h3 Bh5 16. Bxf6 Bxf6 17. g4 Bg5 18. f4 Bh4 19. Rf1 Qe7 20. Qd3 Nb4 21. Qf3 Rae8 22. gxh5 Kh8 23. a3 Nc6 24. Nxd5 Qxe2 25. Qxe2 Rxe2 26. hxg6 fxg6 27. Rcd1 Rxb2 28. Bxg6 Rd8 29. Be4 Re8 30. Bf3 Rg8+ 31. Kh1 Rg3 32. Bg4 Rxa3 33. Rb1 Rd2 34. Rxb7 Raa2 35. Ne3 Nxd4 36. Rc1 Nc2 37. Rb8+ Kg7 38. Nf5+ Kf6 39. Rf8+ Ke6 40. Nxh4+ Kd5 41. Rd8+ Ke4 42. Rxd2 Ne3 43. Rxa2 Nxg4 44. hxg4 1-0


[Site "https://www.chess.com"]

[Event "Titled Tuesday Blitz August 22 Early 2023"]
[White "only_strong_moves"]
[Black "Vaglio Munoz, Jaime"]
[BlackFideId "6500145"]
[WhiteElo "2495"]
[BlackElo "2345"]
[Result "1-0"]
[Round "4"]
[TimeControl "180+1"]
[Date "2023.08.22"]
[WhiteClock "0:00:07"]
[BlackClock "0:00:30"]
[Board "180"]

1. d4 c5 2. d5 d6 3. c4 b5 4. cxb5 a6 5. bxa6 Bxa6 6. Nc3 g6 7. e4 Bxf1 8. Kxf1 Bg7 9. Nf3 Nd7 10. g3 Ngf6 11. Kg2 O-O 12. Qe2 Qb6 13. a4 Rfb8 14. Ra3 Qa6 15. Nb5 Rb7 16. b3 Ne8 17. h4 h5 18. Re1 Nc7 19. Nxc7 Qxe2 20. Rxe2 Rxc7 21. Bb2 Rb7 22. Bxg7 Kxg7 23. Nd2 Ne5 24. Re3 Rab8 25. f4 Ng4 26. Rd3 Rb4 27. Nc4 Nf6 28. Kf3 Nd7 29. a5 Ra8 30. Ke2 Kf8 31. e5 dxe5 32. fxe5 Rb5 33. Kd2 Ke8 34. Kc2 Kd8 35. e6 Nf6 36. exf7 Kc7 37. d6+ exd6 38. Nxd6 Rb4 39. Ne8+ Rxe8 40. fxe8=Q Nxe8 41. a6 Rb8 42. a7 Ra8 43. Re3 Nd6 44. Re7+ Kc6 45. Re6 Kd5 46. Rxg6 Nb5 47. Ra5 Nd4+ 48. Kb2 Nc6 49. Rg5+ Kd6 50. Ra6 Kd7 51. Rxc5 Nb4 52. Ra4 Nd3+ 53. Kc3 Nxc5 54. Ra5 Kc6 55. Kc4 Nd7 56. Rxh5 Rxa7 57. b4 Nb6+ 58. Kb3 Rf7 59. b5+ Kb7 60. Kb4 Rd7 61. Kc5 Rc7+ 62. Kd6 Nc4+ 63. Ke6 Ne3 64. Rg5 Rc4 65. h5 Nc2 66. h6 Nd4+ 67. Kd5 Rb4 68. h7 Rxb5+ 69. Kxd4 Rxg5 70. h8=Q Rg4+ 71. Kd5 Rxg3 72. Qh7+ Ka6 73. Qh6+ Kb5 74. Qh7 Rb3 75. Kd4 Rb4+ 76. Kc3 Rc4+ 77. Kd3 Rb4 78. Qb7+ Kc5 79. Qe7+ Kb5 80. Qd7+ Kc5 81. Kc3 Rc4+ 82. Kb3 Rb4+ 83. Ka3 Rb6 84. Qd3 Rb4 85. Qc3+ Rc4 86. Qe5+ Kb6 87. Kb3 Rc5 88. Qd6+ Kb5 89. Qb8+ Kc6 90. Kb4 Rd5 91. Qa8+ Kd6 92. Kc4 Re5 93. Qb8+ Ke6 94. Kd4 Rf5 95. Ke4 Rf6 96. Qc8+ Kf7 97. Qd7+ Kg6 98. Ke5 Rf5+ 99. Qxf5+ Kh6 100. Qg4 Kh7 101. Kf6 Kh8 102. Qg7# 1-0


[Site "https://www.chess.com"]

[Event "Titled Tuesday Blitz August 22 Early 2023"]
[White "laidfrq"]
[Black "Kuzmin, Roman"]
[BlackFideId "44134932"]
[WhiteElo "2343"]
[BlackElo "2494"]
[Result "0-1"]
[Round "4"]
[TimeControl "180+1"]
[Date "2023.08.22"]
[WhiteClock "0:00:14"]
[BlackClock "0:00:23"]
[Board "181"]

1. e4 c5 2. Nf3 d6 3. c3 Nf6 4. h3 Nc6 5. Bd3 d5 6. e5 Nd7 7. Bb5 Qb6 8. Bxc6 bxc6 9. e6 fxe6 10. d4 cxd4 11. cxd4 e5 12. dxe5 Ba6 13. e6 Nc5 14. Ne5 Qb4+ 15. Nc3 Nxe6 16. Qh5+ g6 17. Nxg6 hxg6 18. Qxh8 d4 19. a3 Qc4 20. Qe5 dxc3 21. b3 Qd5 22. Qxd5 cxd5 23. Ra2 Nc5 24. Kd1 d4 25. b4 Bc4 26. bxc5 Bxa2 27. Kc2 Bd5 28. f3 Rc8 29. Bg5 Rxc5 30. Kd3 Bxf3 31. Kxd4 e5+ 32. Ke3 Bxg2 33. Rb1 c2 34. Rb8+ Kf7 35. Kf2 Be7 36. Rb7 Bxb7 0-1


[Site "https://www.chess.com"]

[Event "Titled Tuesday Blitz August 22 Early 2023"]
[White "Albertini, Luca"]
[Black "Shuvalov, Evgenij"]
[WhiteFideId "847038"]
[BlackFideId "4187237"]
[WhiteElo "2333"]
[BlackElo "2483"]
[Result "1/2-1/2"]
[Round "4"]
[TimeControl "180+1"]
[Date "2023.08.22"]
[WhiteClock "0:00:12"]
[BlackClock "0:00:12"]
[Board "182"]

1. e4 e6 2. d4 d5 3. e5 c5 4. c3 Nc6 5. Bd3 cxd4 6. Nf3 dxc3 7. Nxc3 Bd7 8. O-O Nge7 9. Bg5 Qb8 10. Re1 Ng6 11. Bxg6 fxg6 12. Rc1 Bb4 13. Nb5 O-O 14. Re3 a6 15. Nbd4 Nxd4 16. Nxd4 Rc8 17. Rb1 Bc5 18. Rf3 Rf8 19. Rc1 Qxe5 20. Rxc5 Qxg5 21. Rc7 Rac8 22. h4 Qh6 23. Rxf8+ Kxf8 24. Qf3+ Ke8 25. Qc3 Rxc7 26. Qxc7 Qxh4 27. Nf3 Qd8 28. Qxb7 Qc8 29. Qa7 Qc1+ 30. Kh2 Qh6+ 31. Kg1 Qc1+ 32. Kh2 Qh6+ 33. Kg1 Qc1+ 1/2-1/2


[Site "https://www.chess.com"]

[Event "Titled Tuesday Blitz August 22 Early 2023"]
[White "Melnichuk, Mikhail"]
[Black "Ardila, Oscar Humberto"]
[WhiteFideId "14117533"]
[BlackFideId "4404742"]
[WhiteElo "2482"]
[BlackElo "2332"]
[Result "1/2-1/2"]
[Round "4"]
[TimeControl "180+1"]
[Date "2023.08.22"]
[WhiteClock "0:00:12"]
[BlackClock "0:00:03"]
[Board "183"]

1. Nf3 Nf6 2. c4 e6 3. d4 d5 4. Nc3 Be7 5. Bf4 c6 6. e3 O-O 7. Rc1 Nbd7 8. Qc2 b6 9. cxd5 exd5 10. Bd3 Bb7 11. O-O Rc8 12. Rfd1 Re8 13. h3 h6 14. a3 Nf8 15. Ne5 Ne6 16. Bh2 Bd6 17. b4 Ng5 18. Bf5 Ne6 19. Qb3 a6 20. a4 Qe7 21. Rb1 Nd7 22. Nxd7 Qxd7 23. Bxd6 Qxd6 24. b5 axb5 25. axb5 c5 26. dxc5 Rxc5 27. Ne4 Qe5 28. Nxc5 Nxc5 29. Qc2 g6 30. Bxg6 Qg7 31. Bf5 d4 32. e4 d3 33. Rxd3 Nxd3 34. Qxd3 Kh8 35. Qe3 Rg8 36. g3 Qf6 37. Qf4 Rd8 38. Re1 Qg5 39. Qxg5 hxg5 40. Kg2 Rd2 41. Rc1 Kg7 42. Rc7 Ba8 43. Ra7 Rd8 44. Ra6 Rb8 45. Ra7 Kf6 46. Rc7 Re8 47. h4 gxh4 48. gxh4 Bxe4+ 49. Bxe4 Rxe4 50. Rc6+ Ke5 51. Rxb6 Rxh4 52. Rb8 Rb4 53. Kf3 Kf5 54. Ke3 Rb3+ 55. Kd4 Rb2 56. Rb7 f6 57. Ke3 Rb3+ 58. Ke2 Kf4 59. b6 Rb2+ 60. Ke1 f5 61. Rb8 Kf3 62. Kd1 f4 63. b7 Kxf2 64. Rf8 Rxb7 65. Rxf4+ Ke3 66. Ra4 Rd7+ 67. Kc2 Rc7+ 68. Kb3 Rc1 69. Rc4 Rb1+ 70. Kc3 Rc1+ 71. Kb4 Rb1+ 72. Kc5 Kd3 73. Rd4+ Ke3 74. Rc4 Ra1 75. Rb4 Kd3 76. Rb3+ Kc2 77. Rb4 Kc3 78. Rc4+ Kd3 79. Rd4+ Ke3 80. Rb4 Rc1+ 81. Kb5 Rc8 82. Rh4 Kd3 83. Kb6 Rc1 84. Kb5 Rb1+ 85. Kc5 Rc1+ 86. Kd5 Ra1 87. Rh3+ Ke2 88. Rh2+ Kf3 89. Rh3+ Kf4 90. Rb3 Rd1+ 91. Kc4 Rc1+ 92. Rc3 Rxc3+ 93. Kxc3 1/2-1/2


[Site "https://www.chess.com"]